Pittsburgh Penguins vs Vancouver Canucks
Created - Friday, December 6, 2024 at 08:55
Goals
|
| Pittsburgh Penguins |
1 |
0 |
0 |
1 |
| Vancouver Canucks |
2 |
2 |
1 |
5 |
|
Shots
|
| Pittsburgh Penguins |
11 |
7 |
4 |
22 |
| Vancouver Canucks |
14 |
13 |
7 |
34 |
|
1st period
1. Pittsburgh Penguins , Pavel Buchnevich 26 (Leon Draisaitl 56, Sam Reinhart 38) at 0:14
2. Vancouver Canucks , Anton Lundell 18 (Mikko Rantanen 42, Noah Hanifin 28) at 5:58
3. Vancouver Canucks , Aleksander Barkov 25 (Justin Schultz 10) at 15:09
Penalties :
Robby Fabbri (VAN) for Holding (Minor) at 17:28
2nd period
4. Vancouver Canucks , Artturi Lehkonen 32 (Aleksander Barkov 48, Eemil Viro 2) at 12:37
5. Vancouver Canucks , Mikko Rantanen 34 (Justin Schultz 11, Joonas Korpisalo) at 18:46 (PP)
Penalties :
Blake Coleman (PIT) for Tripping (Minor) at 3:06, Mark Giordano (PIT) for Goalie Interference (Minor) at 18:14
3rd period
6. Vancouver Canucks , Robby Fabbri 15 (Casey Mittelstadt 48, Aleksander Barkov 49) at 16:49 (PP)
Penalties :
Mattias Ekholm (PIT) for Holding (Minor) at 0:15, Miro Heiskanen (VAN) for Interference (Minor) at 6:11, Mark Giordano (PIT) for Roughing (Minor) at 13:37, James van Riemsdyk (PIT) for Slashing (Minor) at 16:17, Casey Mittelstadt (VAN) for Fighting (Major) at 17:16, Leon Draisaitl (PIT) for Fighting (Major) at 17:16, Blake Coleman (PIT) for Tripping (Minor) at 17:25
Goalie Stats
Jordan Binnington (PIT), 29 saves from 34 shots - (0.853), L, 42-19-5, 60:00 minutes
Joonas Korpisalo (VAN), 21 saves from 22 shots - (0.955), W, 19-14-8, 60:00 minutes
Players Stats for Pittsburgh Penguins
Player Name G A P +/- PIM S H SB GA TA FO MP PP MP PK MP
------------------------------------------------------------------------------------
Blake Coleman 0 0 0 0 4 0 0 0 0 1 0/0 15:01 1:46 0:00
Brian Dumoulin 0 0 0 -1 0 0 0 2 0 0 0/0 18:55 0:00 4:24
Brock Faber 0 0 0 -1 0 0 1 3 0 1 0/0 22:50 2:01 4:40
Dylan Guenther 0 0 0 -2 0 1 0 0 0 0 0/0 13:30 0:00 0:48
Erik Gudbranson 0 0 0 -1 0 0 2 1 0 0 0/0 16:45 0:00 0:30
Erik Karlsson 0 0 0 0 0 0 0 0 0 0 0/0 23:13 1:57 4:36
Gabriel Vilardi 0 0 0 0 0 2 0 0 0 0 0/1 8:16 0:00 0:01
Jake Neighbours 0 0 0 0 0 1 1 0 0 0 0/0 8:07 0:00 0:00
James van Riemsdyk 0 0 0 0 2 0 1 0 0 0 0/0 8:06 0:00 0:00
Jean-Gabriel Pageau 0 0 0 -2 0 1 2 0 0 1 8/12 13:19 0:00 0:49
Jordan Eberle 0 0 0 -2 0 2 3 0 0 0 0/2 12:30 0:00 0:00
Leon Draisaitl 0 1 1 0 5 6 1 0 2 1 12/19 18:36 2:12 3:18
Mark Giordano 0 0 0 -1 4 0 2 1 1 1 0/0 16:11 2:01 0:00
Mattias Ekholm 0 0 0 0 2 1 1 2 0 1 0/0 22:16 1:57 3:50
Mitchell Marner 0 0 0 0 0 2 3 0 0 0 1/2 19:04 1:46 4:08
Pavel Buchnevich 1 0 1 0 0 3 3 1 1 0 2/5 19:47 2:12 4:39
Phillip Danault 0 0 0 0 0 3 1 0 0 0 8/15 14:51 1:46 0:00
Sam Reinhart 0 1 1 0 0 0 1 2 1 0 0/1 19:36 2:12 4:17
Players Stats for Vancouver Canucks
Player Name G A P +/- PIM S H SB GA TA FO MP PP MP PK MP
------------------------------------------------------------------------------------
Aleksander Barkov 1 2 3 2 0 5 2 3 2 1 6/10 20:14 4:20 2:03
Anton Lundell 1 0 1 1 0 3 1 1 0 0 0/3 11:03 0:46 0:00
Artturi Lehkonen 1 0 1 2 0 4 2 0 3 0 0/0 19:30 4:27 1:52
Casey Mittelstadt 0 1 1 -1 5 5 2 0 0 2 12/26 19:25 3:26 0:03
Clayton Keller 0 0 0 -1 0 2 1 0 0 0 2/3 19:27 4:34 0:00
Eemil Viro 0 1 1 1 0 0 1 0 0 0 0/0 15:57 0:00 0:36
Jake Bean 0 0 0 1 0 2 1 4 0 1 0/0 17:11 0:00 1:49
Jesperi Kotkaniemi 0 0 0 2 0 1 3 0 0 0 1/2 13:58 0:23 0:00
Jesse Ylonen 0 0 0 0 0 1 0 0 0 0 0/3 8:50 0:00 0:00
Justin Schultz 0 2 2 1 0 2 0 2 0 0 0/0 19:38 4:40 1:57
Kasperi Kapanen 0 0 0 1 0 1 0 0 0 0 0/0 9:02 0:00 0:00
Maxence Guenette 0 0 0 1 0 0 0 0 0 0 0/0 13:03 0:00 0:00
Mikko Rantanen 1 1 2 -1 0 3 0 1 0 0 2/4 20:20 4:17 0:03
Miro Heiskanen 0 0 0 0 2 1 2 1 0 0 0/0 24:26 4:20 1:09
Noah Hanifin 0 1 1 0 0 2 3 2 1 0 0/0 24:43 4:40 2:25
Robby Fabbri 1 0 1 0 2 1 0 0 0 0 0/1 12:37 4:24 0:00
Taylor Raddysh 0 0 0 1 0 1 2 1 0 1 2/4 15:02 4:26 1:52
Ty Dellandrea 0 0 0 0 0 0 2 0 0 0 1/1 11:33 0:17 2:03
3 Stars
1 - Aleksander Barkov (VAN)
2 - Artturi Lehkonen (VAN)
3 - Anton Lundell (VAN)
Power Play
Pittsburgh Penguins - 0 on 2 Attempt(s) - 0.00%
Vancouver Canucks - 2 on 6 Attempt(s) - 33.33%
Penalty Kill
Pittsburgh Penguins - 4 on 6 Attempt(s) - 66.67%
- Score 0 goal in Penalty Kill
Vancouver Canucks - 2 on 2 Attempt(s) - 100.00%
- Score 0 goal in Penalty Kill
Team Stat
Pittsburgh Penguins - Hits : 22 - Faceoff Wins : 31 - Blocked Shots : 12 - Penalty Minutes : 17
Vancouver Canucks - Hits : 22 - Faceoff Wins : 26 - Blocked Shots : 15 - Penalty Minutes : 9
Official
Referees : Carter Sandlak and Peter Macdougall
Linesman : Kiel Murchison and Trent Knorr
Game Notes
Leon Draisaitl beats up Casey Mittelstadt at 17:16 of 3rd period
Finance
Level 1 -- Attendance: 5086 (84.77%) -- Ticket Income $503,514
Level 2 -- Attendance: 3754 (75.08%) -- Ticket Income $221,486
Level 3 -- Attendance: 2323 (77.43%) -- Ticket Income $78,982
Level 4 -- Attendance: 3731 (74.62%) -- Ticket Income $89,544
Luxury Box -- Attendance: 825 (82.50%) -- Ticket Income $164,175
Game was played at the Rogers Arena.
Total Attendance: 15719 (78.60%)
Total Ticket Income: $1,057,701
Other Income: $370,195
Total Income: $1,427,896
Pittsburgh Penguins
5 vs 5 Forward
Center Left Wing Right Wing Time % Phy DF OF
1 Leon Draisaitl Pavel Buchnevich Sam Reinhart 30 1 2 2
2 Phillip Danault Blake Coleman Mitchell Marner 30 1 2 2
3 Jean-Gabriel Pageau Dylan Guenther Jordan Eberle 25 1 2 2
4 Gabriel Vilardi Jake Neighbours James van Riemsdyk 15 1 2 2
5 vs 5 Defense
Defense Defense Time % Phy DF OF
1 Mattias Ekholm Erik Karlsson 35 1 2 2
2 Erik Gudbranson Brock Faber 35 1 2 2
3 Mark Giordano Brian Dumoulin 30 1 2 2
4 Mattias Ekholm Erik Karlsson 0 1 2 2
PowerPlay Forward
Center Left Wing Right Wing Time % Phy DF OF
1 Leon Draisaitl Pavel Buchnevich Sam Reinhart 50 1 2 2
2 Phillip Danault Blake Coleman Mitchell Marner 50 1 2 2
PowerPlay Defense
Defense Defense Time % Phy DF OF
1 Mattias Ekholm Erik Karlsson 50 1 2 2
2 Mark Giordano Brock Faber 50 1 2 2
Penalty Kill 4 Players Forward
Center Wing Time % Phy DF OF
1 Leon Draisaitl Sam Reinhart 50 1 2 2
2 Mitchell Marner Pavel Buchnevich 50 1 2 2
Penalty Kill 4 Players Defense
Defense Defense Time % Phy DF OF
1 Mattias Ekholm Erik Karlsson 50 1 2 2
2 Brian Dumoulin Brock Faber 50 1 2 2
Penalty Kill - 3 Players Forward
Forward Time % Phy DF OF
1 Leon Draisaitl 50 1 2 2
2 Sam Reinhart 50 1 2 2
Penalty Kill - 3 Players Defense
Defense Defense Time % Phy DF OF
1 Mattias Ekholm Erik Karlsson 50 1 2 2
2 Brian Dumoulin Brock Faber 50 1 2 2
4 vs 4 Forward
Center Wing Time % Phy DF OF
1 Leon Draisaitl Sam Reinhart 50 1 2 2
2 Mitchell Marner Pavel Buchnevich 50 1 2 2
4 vs 4 Defense
Defense Defense Time % Phy DF OF
1 Mattias Ekholm Erik Karlsson 50 1 2 2
2 Mark Giordano Brock Faber 50 1 2 2
Last Minutes Offensive
Center Left Wing Right Wing Defense Defense
Leon Draisaitl Pavel Buchnevich Sam Reinhart Mattias Ekholm Erik Karlsson
Last Minutes Defensive
Center Left Wing Right Wing Defense Defense
Leon Draisaitl Pavel Buchnevich Sam Reinhart Mattias Ekholm Erik Karlsson
Goaltenders
Starting : Jordan Binnington
Backup : Marc-Andre Fleury
Extra Forwards
Normal : Jake Neighbours, Jordan Eberle, Sam Reinhart - PP : Jake Neighbours, Jordan Eberle - PK : Leon Draisaitl
Extra Defensemen
Normal : Mark Giordano, Brian Dumoulin, Erik Karlsson - PP : Mark Giordano - PK : Brian Dumoulin, Mattias Ekholm
Penalty Shots
Leon Draisaitl, Sam Reinhart, Mitchell Marner, Pavel Buchnevich, Blake Coleman
Scratches
None
Vancouver Canucks
5 vs 5 Forward
Center Left Wing Right Wing Time % Phy DF OF
1 Casey Mittelstadt Clayton Keller Mikko Rantanen 40 1 2 2
2 Aleksander Barkov Jesperi Kotkaniemi Artturi Lehkonen 30 1 2 2
3 Anton Lundell Kasperi Kapanen Taylor Raddysh 20 1 2 2
4 Jesse Ylonen Robby Fabbri Ty Dellandrea 10 1 2 2
5 vs 5 Defense
Defense Defense Time % Phy DF OF
1 Noah Hanifin Miro Heiskanen 30 1 2 2
2 Jake Bean Eemil Viro 30 1 2 2
3 Maxence Guenette Justin Schultz 25 1 2 2
4 Noah Hanifin Miro Heiskanen 15 1 2 2
PowerPlay Forward
Center Left Wing Right Wing Time % Phy DF OF
1 Mikko Rantanen Clayton Keller Artturi Lehkonen 50 0 1 4
2 Casey Mittelstadt Taylor Raddysh Robby Fabbri 50 0 1 4
PowerPlay Defense
Defense Defense Time % Phy DF OF
1 Aleksander Barkov Miro Heiskanen 50 0 1 4
2 Noah Hanifin Justin Schultz 50 0 1 4
Penalty Kill 4 Players Forward
Center Wing Time % Phy DF OF
1 Aleksander Barkov Ty Dellandrea 50 1 2 2
2 Taylor Raddysh Artturi Lehkonen 50 1 2 2
Penalty Kill 4 Players Defense
Defense Defense Time % Phy DF OF
1 Noah Hanifin Miro Heiskanen 50 1 2 2
2 Justin Schultz Jake Bean 50 1 2 2
Penalty Kill - 3 Players Forward
Forward Time % Phy DF OF
1 Aleksander Barkov 50 1 2 2
2 Ty Dellandrea 50 1 2 2
Penalty Kill - 3 Players Defense
Defense Defense Time % Phy DF OF
1 Noah Hanifin Miro Heiskanen 50 1 2 2
2 Jake Bean Justin Schultz 50 1 2 2
4 vs 4 Forward
Center Wing Time % Phy DF OF
1 Mikko Rantanen Clayton Keller 50 1 2 2
2 Casey Mittelstadt Aleksander Barkov 50 1 2 2
4 vs 4 Defense
Defense Defense Time % Phy DF OF
1 Noah Hanifin Miro Heiskanen 50 1 2 2
2 Justin Schultz Maxence Guenette 50 1 2 2
Last Minutes Offensive
Center Left Wing Right Wing Defense Defense
Aleksander Barkov Clayton Keller Mikko Rantanen Noah Hanifin Miro Heiskanen
Last Minutes Defensive
Center Left Wing Right Wing Defense Defense
Aleksander Barkov Clayton Keller Mikko Rantanen Noah Hanifin Miro Heiskanen
Goaltenders
Starting : Joonas Korpisalo
Backup : Ville Husso
Extra Forwards
Normal : Aleksander Barkov, Mikko Rantanen, Clayton Keller - PP : Clayton Keller, Anton Lundell - PK : Mikko Rantanen
Extra Defensemen
Normal : Noah Hanifin, Miro Heiskanen, Jake Bean - PP : Noah Hanifin - PK : Noah Hanifin, Miro Heiskanen
Penalty Shots
Aleksander Barkov, Mikko Rantanen, Clayton Keller, Taylor Raddysh, Casey Mittelstadt
Scratches
Adam Boqvist (Left Foot Injury), Kim Nousiainen (Healthy), Jacob Bryson (Healthy), Oskar Back (Healthy), Justus Annunen (Healthy)
% Time on Ice - Pittsburgh Penguins
Lines # - Real PCT - Wanted PCT - Time Play
Normal Forward
1 - 28% - 30% - 13:15
2 - 28% - 30% - 13:10
3 - 27% - 25% - 12:30
4 - 17% - 15% - 8:07
Normal Defense
1 - 35% - 35% - 16:29
2 - 37% - 35% - 17:13
3 - 28% - 30% - 13:20
4 - 0% - 0% - 0:00
PP Forward
1 - 55% - 50% - 2:12
2 - 45% - 50% - 1:46
PP Defense
1 - 49% - 50% - 1:57
2 - 51% - 50% - 2:01
PK Forward
1 - 54% - 50% - 4:49
2 - 46% - 50% - 4:11
PK Defense
1 - 51% - 50% - 4:36
2 - 49% - 50% - 4:24
PK3 Forward
1 - 0% - 50%
2 - 0% - 50%
PK3 Defense
1 - 0% - 50%
2 - 0% - 50%
44 Forward
1 - 0% - 50%
2 - 0% - 50%
44 Defense
1 - 0% - 50%
2 - 0% - 50%
Last Minute Offensive - 0:00
Last Minute Defensive - 0:00
Total
Forward - 60:00
Defense - 60:00
|
% Time on Ice - Vancouver Canucks
Lines # - Real PCT - Wanted PCT - Time Play
Normal Forward
1 - 32% - 40% - 15:10
2 - 30% - 30% - 14:00
3 - 19% - 20% - 9:02
4 - 19% - 10% - 8:50
Normal Defense
1 - 29% - 30% - 13:40
2 - 33% - 30% - 15:28
3 - 27% - 25% - 12:54
4 - 11% - 15% - 5:00
PP Forward
1 - 48% - 50% - 4:17
2 - 52% - 50% - 4:43
PP Defense
1 - 48% - 50% - 4:20
2 - 52% - 50% - 4:40
PK Forward
1 - 52% - 50% - 2:03
2 - 48% - 50% - 1:55
PK Defense
1 - 61% - 50% - 2:25
2 - 39% - 50% - 1:33
PK3 Forward
1 - 0% - 50%
2 - 0% - 50%
PK3 Defense
1 - 0% - 50%
2 - 0% - 50%
44 Forward
1 - 0% - 50%
2 - 0% - 50%
44 Defense
1 - 0% - 50%
2 - 0% - 50%
Last Minute Offensive - 0:00
Last Minute Defensive - 0:00
Total
Forward - 60:00
Defense - 60:00
|
Play-by-Play
1st period
0:01 of 1st period - Leon Draisaitl wins face-off versus Casey Mittelstadt in neutral zone.
0:12 of 1st period - Snap shot by Leon Draisaitl.
0:12 of 1st period - Shot Misses the Net.
0:14 of 1st period - Snap shot by Pavel Buchnevich.
0:14 of 1st period - Goal by Pavel Buchnevich - Pittsburgh Penguins : 1 - Vancouver Canucks : 0.
0:15 of 1st period - Aleksander Barkov wins face-off versus Phillip Danault in neutral zone.
0:26 of 1st period - Wrist shot by Phillip Danault.
0:26 of 1st period - Stopped by Joonas Korpisalo with a rebound.
1:05 of 1st period - Eemil Viro is hit by Jake Neighbours and loses puck.
1:34 of 1st period - Robby Fabbri is hit by Mitchell Marner and loses puck.
2:06 of 1st period - Wrist shot by Jesse Ylonen.
2:06 of 1st period - Stopped by Jordan Binnington without a rebound.
2:07 of 1st period - Pavel Buchnevich wins face-off versus Aleksander Barkov in Pittsburgh Penguins zone.
2:32 of 1st period - Mitchell Marner is hit by Noah Hanifin and loses puck.
3:25 of 1st period - Jake Bean is hit by Jordan Eberle and loses puck.
3:54 of 1st period - Jake Bean is hit by Mitchell Marner and loses puck.
4:41 of 1st period - Slapshot by Dylan Guenther.
4:41 of 1st period - Shot Blocked by Jake Bean.
4:43 of 1st period - Slapshot by Mark Giordano.
4:43 of 1st period - Shot Misses the Net.
4:45 of 1st period - Snap shot by Jordan Eberle.
4:45 of 1st period - Shot Misses the Net.
4:57 of 1st period - Jake Bean is hit by Mark Giordano and loses puck.
5:16 of 1st period - Aleksander Barkov is hit by Phillip Danault and loses puck.
5:37 of 1st period - Slapshot by Mikko Rantanen.
5:37 of 1st period - Shot Hit the Post.
5:56 of 1st period - Snap shot by Anton Lundell.
5:56 of 1st period - Shot Misses the Net.
5:58 of 1st period - Snap shot by Anton Lundell.
5:58 of 1st period - Goal by Anton Lundell - Pittsburgh Penguins : 1 - Vancouver Canucks : 1.
5:59 of 1st period - Casey Mittelstadt wins face-off versus Leon Draisaitl in neutral zone.
6:08 of 1st period - Snap shot by Clayton Keller.
6:08 of 1st period - Stopped by Jordan Binnington with a rebound.
6:28 of 1st period - Icing by Kasperi Kapanen.
6:29 of 1st period - Phillip Danault wins face-off versus Anton Lundell in Vancouver Canucks zone.
6:34 of 1st period - Snap shot by Phillip Danault.
6:34 of 1st period - Deflect By Miro Heiskanen.
6:34 of 1st period - Stopped by Joonas Korpisalo with a rebound.
6:58 of 1st period - Wrist shot by Anton Lundell.
6:58 of 1st period - Stopped by Jordan Binnington with a rebound.
7:02 of 1st period - Snap shot by Anton Lundell.
7:02 of 1st period - Shot Misses the Net.
7:04 of 1st period - Slapshot by Noah Hanifin.
7:04 of 1st period - Stopped by Jordan Binnington without a rebound.
7:05 of 1st period - Leon Draisaitl wins face-off versus Casey Mittelstadt in Pittsburgh Penguins zone.
7:43 of 1st period - Dylan Guenther is hit by Jesperi Kotkaniemi and loses puck.
8:00 of 1st period - Snap shot by Gabriel Vilardi.
8:00 of 1st period - Stopped by Joonas Korpisalo without a rebound.
8:01 of 1st period - Ty Dellandrea wins face-off versus Pavel Buchnevich in Vancouver Canucks zone.
8:23 of 1st period - Off-side.
8:24 of 1st period - Jean-Gabriel Pageau wins face-off versus Casey Mittelstadt in neutral zone.
8:31 of 1st period - Snap shot by Jordan Eberle.
8:31 of 1st period - Shot Misses the Net.
9:22 of 1st period - Wrist shot by Leon Draisaitl.
9:22 of 1st period - Stopped by Joonas Korpisalo with a rebound.
10:02 of 1st period - Jake Neighbours is hit by Ty Dellandrea and loses puck.
11:02 of 1st period - Off-side.
11:03 of 1st period - Mitchell Marner wins face-off versus Casey Mittelstadt in neutral zone.
11:30 of 1st period - Jesperi Kotkaniemi is hit by Pavel Buchnevich and loses puck.
11:35 of 1st period - Snap shot by Sam Reinhart.
11:35 of 1st period - Shot Blocked by Aleksander Barkov.
11:37 of 1st period - Wrist shot by Sam Reinhart.
11:37 of 1st period - Shot Misses the Net.
11:39 of 1st period - Snap shot by Leon Draisaitl.
11:39 of 1st period - Stopped by Joonas Korpisalo without a rebound.
11:40 of 1st period - Casey Mittelstadt wins face-off versus Jean-Gabriel Pageau in Vancouver Canucks zone.
12:05 of 1st period - Justin Schultz is hit by Erik Gudbranson and loses puck.
12:53 of 1st period - Wrist shot by Robby Fabbri.
12:53 of 1st period - Shot Misses the Net.
13:48 of 1st period - Snap shot by Artturi Lehkonen.
13:48 of 1st period - Stopped by Jordan Binnington without a rebound.
13:49 of 1st period - Aleksander Barkov wins face-off versus Gabriel Vilardi in Pittsburgh Penguins zone.
13:58 of 1st period - Snap shot by Artturi Lehkonen.
13:58 of 1st period - Shot Blocked by Mark Giordano.
14:04 of 1st period - Snap shot by Artturi Lehkonen.
14:04 of 1st period - Deflect By Aleksander Barkov.
14:04 of 1st period - Stopped by Jordan Binnington with a rebound.
14:18 of 1st period - Slapshot by Leon Draisaitl.
14:18 of 1st period - Stopped by Joonas Korpisalo with a rebound.
14:59 of 1st period - Slapshot by Aleksander Barkov.
14:59 of 1st period - Stopped by Jordan Binnington with a rebound.
15:01 of 1st period - Snap shot by Jesperi Kotkaniemi.
15:01 of 1st period - Stopped by Jordan Binnington without a rebound.
15:02 of 1st period - Pavel Buchnevich wins face-off versus Aleksander Barkov in Pittsburgh Penguins zone.
15:09 of 1st period - Wrist shot by Aleksander Barkov.
15:09 of 1st period - Goal by Aleksander Barkov - Pittsburgh Penguins : 1 - Vancouver Canucks : 2.
15:10 of 1st period - Leon Draisaitl wins face-off versus Mikko Rantanen in neutral zone.
15:22 of 1st period - Snap shot by Clayton Keller.
15:22 of 1st period - Stopped by Jordan Binnington without a rebound.
15:23 of 1st period - Casey Mittelstadt wins face-off versus Phillip Danault in Pittsburgh Penguins zone.
16:02 of 1st period - Slapshot by Sam Reinhart.
16:02 of 1st period - Deflect By Pavel Buchnevich.
16:02 of 1st period - Shot Blocked by Noah Hanifin.
16:02 of 1st period - Puck is out of play.
16:03 of 1st period - Jean-Gabriel Pageau wins face-off versus Anton Lundell in Vancouver Canucks zone.
16:18 of 1st period - Snap shot by Dylan Guenther.
16:18 of 1st period - Shot Misses the Net.
16:30 of 1st period - Maxence Guenette is hit by Sam Reinhart.
17:00 of 1st period - Wrist shot by Phillip Danault.
17:00 of 1st period - Shot Misses the Net.
17:14 of 1st period - Wrist shot by Gabriel Vilardi.
17:14 of 1st period - Stopped by Joonas Korpisalo with a rebound.
17:16 of 1st period - Slapshot by Mattias Ekholm.
17:16 of 1st period - Stopped by Joonas Korpisalo with a rebound.
17:18 of 1st period - Wrist shot by Jake Neighbours.
17:18 of 1st period - Stopped by Joonas Korpisalo with a rebound.
17:20 of 1st period - Snap shot by Jake Neighbours.
17:20 of 1st period - Shot Misses the Net.
17:28 of 1st period - Minor Penalty to Robby Fabbri for Holding.
17:29 of 1st period - Leon Draisaitl wins face-off versus Aleksander Barkov in Vancouver Canucks zone.
17:42 of 1st period - Wrist shot by Leon Draisaitl.
17:42 of 1st period - Shot Blocked by Miro Heiskanen.
17:44 of 1st period - Wrist shot by Leon Draisaitl.
17:44 of 1st period - Shot Blocked by Aleksander Barkov.
17:46 of 1st period - Wrist shot by Pavel Buchnevich.
17:46 of 1st period - Deflect By Noah Hanifin.
17:46 of 1st period - Shot Misses the Net.
17:46 of 1st period - Puck is out of play.
17:47 of 1st period - Taylor Raddysh wins face-off versus Phillip Danault in Vancouver Canucks zone.
18:21 of 1st period - Snap shot by Leon Draisaitl.
18:21 of 1st period - Stopped by Joonas Korpisalo with a rebound.
19:28 of 1st period - Penalty to Robby Fabbri is over, Robby Fabbri is back on ice.
19:35 of 1st period - Slapshot by Mikko Rantanen.
19:35 of 1st period - Shot Misses the Net.
19:37 of 1st period - Slapshot by Maxence Guenette.
19:37 of 1st period - Deflect By Casey Mittelstadt.
19:37 of 1st period - Stopped by Jordan Binnington with a rebound.
19:41 of 1st period - Wrist shot by Mikko Rantanen.
19:41 of 1st period - Shot Misses the Net.
19:43 of 1st period - Slapshot by Jake Bean.
19:43 of 1st period - Stopped by Jordan Binnington without a rebound.
19:44 of 1st period - Clayton Keller wins face-off versus Jean-Gabriel Pageau in Pittsburgh Penguins zone.
19:55 of 1st period - Snap shot by Clayton Keller.
19:55 of 1st period - Shot Blocked by Brock Faber.
19:57 of 1st period - Slapshot by Mikko Rantanen.
19:57 of 1st period - Shot Misses the Net.
19:59 of 1st period - Slapshot by Jake Bean.
19:59 of 1st period - Stopped by Jordan Binnington with a rebound.
Goals for this period are 1 for Pittsburgh Penguins vs 2 for Vancouver Canucks.
Shots for this period are 11 for Pittsburgh Penguins vs 14 for Vancouver Canucks.
2nd period
0:01 of 2nd period - Casey Mittelstadt wins face-off versus Leon Draisaitl in neutral zone.
0:16 of 2nd period - Snap shot by Clayton Keller.
0:16 of 2nd period - Deflect By Mikko Rantanen.
0:16 of 2nd period - Shot Blocked by Brock Faber.
0:16 of 2nd period - Puck is out of play.
0:17 of 2nd period - Phillip Danault wins face-off versus Jesperi Kotkaniemi in Pittsburgh Penguins zone.
0:32 of 2nd period - Slapshot by Artturi Lehkonen.
0:32 of 2nd period - Stopped by Jordan Binnington with a rebound.
0:42 of 2nd period - Erik Gudbranson is hit by Noah Hanifin and loses puck.
1:12 of 2nd period - Wrist shot by Leon Draisaitl.
1:12 of 2nd period - Shot Blocked by Justin Schultz.
1:31 of 2nd period - Dylan Guenther is hit by Aleksander Barkov and loses puck.
1:50 of 2nd period - Noah Hanifin is hit by Mark Giordano.
2:09 of 2nd period - Snap shot by Taylor Raddysh.
2:09 of 2nd period - Stopped by Jordan Binnington without a rebound.
2:10 of 2nd period - Phillip Danault wins face-off versus Taylor Raddysh in Pittsburgh Penguins zone.
2:10 of 2nd period - Phillip Danault is hit by Miro Heiskanen.
2:16 of 2nd period - Miro Heiskanen is hit by Mitchell Marner and loses puck.
2:21 of 2nd period - Snap shot by Mitchell Marner.
2:21 of 2nd period - Stopped by Joonas Korpisalo without a rebound.
2:22 of 2nd period - Casey Mittelstadt wins face-off versus Sam Reinhart in Vancouver Canucks zone.
2:49 of 2nd period - Mitchell Marner is hit by Aleksander Barkov and loses puck.
3:06 of 2nd period - Minor Penalty to Blake Coleman for Tripping.
3:07 of 2nd period - Mikko Rantanen wins face-off versus Leon Draisaitl in Pittsburgh Penguins zone.
3:10 of 2nd period - Slapshot by Mikko Rantanen.
3:10 of 2nd period - Shot Misses the Net.
3:14 of 2nd period - Slapshot by Aleksander Barkov.
3:14 of 2nd period - Stopped by Jordan Binnington with a rebound.
3:16 of 2nd period - Slapshot by Aleksander Barkov.
3:16 of 2nd period - Shot Blocked by Sam Reinhart.
3:34 of 2nd period - Mitchell Marner is hit by Casey Mittelstadt and loses puck.
5:06 of 2nd period - Penalty to Blake Coleman is over, Blake Coleman is back on ice.
5:18 of 2nd period - Gabriel Vilardi is hit by Miro Heiskanen and loses puck.
6:00 of 2nd period - Eemil Viro is hit by Jean-Gabriel Pageau and loses puck.
6:44 of 2nd period - Slapshot by Pavel Buchnevich.
6:44 of 2nd period - Shot Blocked by Noah Hanifin.
6:46 of 2nd period - Wrist shot by Pavel Buchnevich.
6:46 of 2nd period - Stopped by Joonas Korpisalo without a rebound.
6:47 of 2nd period - Jean-Gabriel Pageau wins face-off versus Casey Mittelstadt in Vancouver Canucks zone.
7:46 of 2nd period - Mitchell Marner is hit by Taylor Raddysh and loses puck.
8:47 of 2nd period - Snap shot by Artturi Lehkonen.
8:47 of 2nd period - Stopped by Jordan Binnington with a rebound.
8:53 of 2nd period - Blake Coleman is hit by Artturi Lehkonen and loses puck.
9:08 of 2nd period - Wrist shot by Mikko Rantanen.
9:08 of 2nd period - Stopped by Jordan Binnington without a rebound.
9:09 of 2nd period - Jean-Gabriel Pageau wins face-off versus Casey Mittelstadt in Pittsburgh Penguins zone.
9:16 of 2nd period - Wrist shot by Jordan Eberle.
9:16 of 2nd period - Stopped by Joonas Korpisalo without a rebound.
9:17 of 2nd period - Leon Draisaitl wins face-off versus Casey Mittelstadt in Vancouver Canucks zone.
9:18 of 2nd period - Snap shot by Pavel Buchnevich.
9:18 of 2nd period - Stopped by Joonas Korpisalo without a rebound.
9:19 of 2nd period - Casey Mittelstadt wins face-off versus Leon Draisaitl in Vancouver Canucks zone.
10:04 of 2nd period - Snap shot by Sam Reinhart.
10:04 of 2nd period - Deflect By Leon Draisaitl.
10:04 of 2nd period - Stopped by Joonas Korpisalo without a rebound.
10:05 of 2nd period - Phillip Danault wins face-off versus Clayton Keller in Vancouver Canucks zone.
10:16 of 2nd period - Snap shot by Mikko Rantanen.
10:16 of 2nd period - Deflect By Casey Mittelstadt.
10:16 of 2nd period - Stopped by Jordan Binnington without a rebound.
10:17 of 2nd period - Casey Mittelstadt wins face-off versus Phillip Danault in Pittsburgh Penguins zone.
10:44 of 2nd period - Blake Coleman is hit by Anton Lundell and loses puck.
11:03 of 2nd period - Snap shot by Phillip Danault.
11:03 of 2nd period - Shot Misses the Net.
11:05 of 2nd period - Snap shot by Blake Coleman.
11:05 of 2nd period - Shot Misses the Net.
11:07 of 2nd period - Slapshot by Brian Dumoulin.
11:07 of 2nd period - Deflect By Mitchell Marner.
11:07 of 2nd period - Stopped by Joonas Korpisalo without a rebound.
11:08 of 2nd period - Jesperi Kotkaniemi wins face-off versus Jordan Eberle in Vancouver Canucks zone.
11:41 of 2nd period - Wrist shot by Artturi Lehkonen.
11:41 of 2nd period - Shot Blocked by Mattias Ekholm.
12:01 of 2nd period - Snap shot by Jordan Eberle.
12:01 of 2nd period - Shot Blocked by Jake Bean.
12:07 of 2nd period - Artturi Lehkonen is hit by Mattias Ekholm.
12:35 of 2nd period - Snap shot by Aleksander Barkov.
12:35 of 2nd period - Shot Blocked by Mattias Ekholm.
12:37 of 2nd period - Wrist shot by Artturi Lehkonen.
12:37 of 2nd period - Goal by Artturi Lehkonen - Pittsburgh Penguins : 1 - Vancouver Canucks : 3.
12:38 of 2nd period - Casey Mittelstadt wins face-off versus Leon Draisaitl in neutral zone.
13:07 of 2nd period - Snap shot by Taylor Raddysh.
13:07 of 2nd period - Shot Blocked by Brock Faber.
13:09 of 2nd period - Slapshot by Miro Heiskanen.
13:09 of 2nd period - Shot Misses the Net.
13:11 of 2nd period - Wrist shot by Anton Lundell.
13:11 of 2nd period - Stopped by Jordan Binnington with a rebound.
14:23 of 2nd period - Brian Dumoulin is hit by Jake Bean.
14:33 of 2nd period - Snap shot by Gabriel Vilardi.
14:33 of 2nd period - Shot Misses the Net.
14:47 of 2nd period - Mitchell Marner is hit by Artturi Lehkonen and loses puck.
15:34 of 2nd period - Wrist shot by Taylor Raddysh.
15:34 of 2nd period - Shot Misses the Net.
15:36 of 2nd period - Slapshot by Miro Heiskanen.
15:36 of 2nd period - Shot Blocked by Erik Gudbranson.
15:38 of 2nd period - Snap shot by Noah Hanifin.
15:38 of 2nd period - Shot Misses the Net.
15:40 of 2nd period - Slapshot by Noah Hanifin.
15:40 of 2nd period - Shot Blocked by Pavel Buchnevich.
16:12 of 2nd period - Jesse Ylonen is hit by Jordan Eberle.
16:20 of 2nd period - Snap shot by Justin Schultz.
16:20 of 2nd period - Stopped by Jordan Binnington without a rebound.
16:21 of 2nd period - Leon Draisaitl wins face-off versus Casey Mittelstadt in Pittsburgh Penguins zone.
16:56 of 2nd period - Off-side.
16:57 of 2nd period - Casey Mittelstadt wins face-off versus Jean-Gabriel Pageau in neutral zone.
17:26 of 2nd period - Slapshot by Erik Karlsson.
17:26 of 2nd period - Deflect By Leon Draisaitl.
17:26 of 2nd period - Shot Hit the Post.
17:26 of 2nd period - Puck is out of play.
17:27 of 2nd period - Leon Draisaitl wins face-off versus Aleksander Barkov in Vancouver Canucks zone.
17:28 of 2nd period - Snap shot by Pavel Buchnevich.
17:28 of 2nd period - Shot Misses the Net.
17:36 of 2nd period - Snap shot by Artturi Lehkonen.
17:36 of 2nd period - Shot Blocked by Brian Dumoulin.
17:46 of 2nd period - Snap shot by Aleksander Barkov.
17:46 of 2nd period - Stopped by Jordan Binnington with a rebound.
17:48 of 2nd period - Slapshot by Noah Hanifin.
17:48 of 2nd period - Stopped by Jordan Binnington with a rebound.
17:50 of 2nd period - Snap shot by Artturi Lehkonen.
17:50 of 2nd period - Shot Misses the Net.
18:10 of 2nd period - Wrist shot by Artturi Lehkonen.
18:10 of 2nd period - Shot Misses the Net.
18:12 of 2nd period - Snap shot by Jesperi Kotkaniemi.
18:12 of 2nd period - Shot Misses the Net.
18:14 of 2nd period - Minor Penalty to Mark Giordano for Goalie Interference.
18:15 of 2nd period - Taylor Raddysh wins face-off versus Mitchell Marner in Pittsburgh Penguins zone.
18:30 of 2nd period - Snap shot by Casey Mittelstadt.
18:30 of 2nd period - Stopped by Jordan Binnington with a rebound.
18:44 of 2nd period - Snap shot by Mikko Rantanen.
18:44 of 2nd period - Shot Misses the Net.
18:46 of 2nd period - Snap shot by Mikko Rantanen.
18:46 of 2nd period - Goal by Mikko Rantanen - Pittsburgh Penguins : 1 - Vancouver Canucks : 4.
18:47 of 2nd period - Phillip Danault wins face-off versus Casey Mittelstadt in neutral zone.
18:52 of 2nd period - Snap shot by Phillip Danault.
18:52 of 2nd period - Stopped by Joonas Korpisalo without a rebound.
18:53 of 2nd period - Phillip Danault wins face-off versus Casey Mittelstadt in Vancouver Canucks zone.
19:29 of 2nd period - Off-side.
19:30 of 2nd period - Aleksander Barkov wins face-off versus Jean-Gabriel Pageau in neutral zone.
19:40 of 2nd period - Snap shot by Jordan Eberle.
19:40 of 2nd period - Shot Blocked by Justin Schultz.
Goals for this period are 0 for Pittsburgh Penguins vs 2 for Vancouver Canucks.
Shots for this period are 7 for Pittsburgh Penguins vs 13 for Vancouver Canucks.
3rd period
0:01 of 3rd period - Casey Mittelstadt wins face-off versus Phillip Danault in neutral zone.
0:15 of 3rd period - Minor Penalty to Mattias Ekholm for Holding.
0:16 of 3rd period - Leon Draisaitl wins face-off versus Mikko Rantanen in Pittsburgh Penguins zone.
1:03 of 3rd period - Aleksander Barkov is hit by Pavel Buchnevich and loses puck.
1:34 of 3rd period - Icing by Noah Hanifin.
1:35 of 3rd period - Leon Draisaitl wins face-off versus Casey Mittelstadt in Vancouver Canucks zone.
1:38 of 3rd period - Snap shot by Leon Draisaitl.
1:38 of 3rd period - Shot Blocked by Taylor Raddysh.
2:15 of 3rd period - Penalty to Mattias Ekholm is over, Mattias Ekholm is back on ice.
2:22 of 3rd period - Snap shot by Dylan Guenther.
2:22 of 3rd period - Shot Misses the Net.
2:24 of 3rd period - Slapshot by Jean-Gabriel Pageau.
2:24 of 3rd period - Stopped by Joonas Korpisalo with a rebound.
2:26 of 3rd period - Slapshot by Mattias Ekholm.
2:26 of 3rd period - Deflect By Dylan Guenther.
2:26 of 3rd period - Stopped by Joonas Korpisalo without a rebound.
2:27 of 3rd period - Jean-Gabriel Pageau wins face-off versus Anton Lundell in Vancouver Canucks zone.
2:57 of 3rd period - Mark Giordano is hit by Eemil Viro and loses puck.
3:06 of 3rd period - Brian Dumoulin is hit by Clayton Keller.
3:19 of 3rd period - Off-side.
3:20 of 3rd period - Leon Draisaitl wins face-off versus Jesse Ylonen in neutral zone.
3:35 of 3rd period - Wrist shot by Robby Fabbri.
3:35 of 3rd period - Shot Misses the Net.
3:47 of 3rd period - Artturi Lehkonen is hit by Jordan Eberle and loses puck.
3:56 of 3rd period - Wrist shot by Dylan Guenther.
3:56 of 3rd period - Shot Misses the Net.
3:58 of 3rd period - Wrist shot by Erik Karlsson.
3:58 of 3rd period - Shot Misses the Net.
4:13 of 3rd period - Slapshot by Justin Schultz.
4:13 of 3rd period - Deflect By Erik Karlsson.
4:13 of 3rd period - Stopped by Jordan Binnington without a rebound.
4:14 of 3rd period - Casey Mittelstadt wins face-off versus Pavel Buchnevich in Pittsburgh Penguins zone.
4:41 of 3rd period - Mitchell Marner is hit by Jesperi Kotkaniemi and loses puck.
4:50 of 3rd period - Slapshot by Aleksander Barkov.
4:50 of 3rd period - Deflect By Artturi Lehkonen.
4:50 of 3rd period - Shot Misses the Net.
4:50 of 3rd period - Puck is out of play.
4:51 of 3rd period - Aleksander Barkov wins face-off versus Jordan Eberle in Pittsburgh Penguins zone.
5:16 of 3rd period - Mark Giordano is hit by Casey Mittelstadt and loses puck.
5:23 of 3rd period - Snap shot by Mikko Rantanen.
5:23 of 3rd period - Shot Blocked by Sam Reinhart.
5:59 of 3rd period - Slapshot by Miro Heiskanen.
5:59 of 3rd period - Deflect By Kasperi Kapanen.
5:59 of 3rd period - Stopped by Jordan Binnington with a rebound.
6:05 of 3rd period - Gabriel Vilardi is hit by Taylor Raddysh and loses puck.
6:11 of 3rd period - Minor Penalty to Miro Heiskanen for Interference.
6:12 of 3rd period - Phillip Danault wins face-off versus Taylor Raddysh in Vancouver Canucks zone.
6:42 of 3rd period - Wrist shot by Sam Reinhart.
6:42 of 3rd period - Shot Misses the Net.
6:44 of 3rd period - Slapshot by Leon Draisaitl.
6:44 of 3rd period - Shot Blocked by Aleksander Barkov.
8:11 of 3rd period - Penalty to Miro Heiskanen is over, Miro Heiskanen is back on ice.
8:16 of 3rd period - Wrist shot by Casey Mittelstadt.
8:16 of 3rd period - Stopped by Jordan Binnington with a rebound.
8:34 of 3rd period - Mikko Rantanen is hit by Brock Faber and loses puck.
8:45 of 3rd period - Miro Heiskanen is hit by James van Riemsdyk and loses puck.
8:56 of 3rd period - Slapshot by Miro Heiskanen.
8:56 of 3rd period - Shot Misses the Net.
9:14 of 3rd period - Snap shot by Anton Lundell.
9:14 of 3rd period - Shot Misses the Net.
9:40 of 3rd period - Mattias Ekholm is hit by Jesperi Kotkaniemi and loses puck.
10:11 of 3rd period - Erik Gudbranson is hit by Ty Dellandrea and loses puck.
10:48 of 3rd period - Jesperi Kotkaniemi is hit by Leon Draisaitl and loses puck.
10:58 of 3rd period - Icing by Casey Mittelstadt.
10:59 of 3rd period - Jean-Gabriel Pageau wins face-off versus Robby Fabbri in Vancouver Canucks zone.
11:02 of 3rd period - Snap shot by Jordan Eberle.
11:02 of 3rd period - Stopped by Joonas Korpisalo without a rebound.
11:03 of 3rd period - Jean-Gabriel Pageau wins face-off versus Jesse Ylonen in Vancouver Canucks zone.
11:06 of 3rd period - Wrist shot by Dylan Guenther.
11:06 of 3rd period - Shot Misses the Net.
11:24 of 3rd period - Ty Dellandrea is hit by Erik Gudbranson.
11:28 of 3rd period - Miro Heiskanen is hit by Jean-Gabriel Pageau and loses puck.
11:58 of 3rd period - Wrist shot by Jordan Eberle.
11:58 of 3rd period - Deflect By Dylan Guenther.
11:58 of 3rd period - Shot Misses the Net.
11:58 of 3rd period - Puck is out of play.
11:59 of 3rd period - Casey Mittelstadt wins face-off versus Leon Draisaitl in Vancouver Canucks zone.
12:14 of 3rd period - Snap shot by Mikko Rantanen.
12:14 of 3rd period - Stopped by Jordan Binnington without a rebound.
12:15 of 3rd period - Aleksander Barkov wins face-off versus Phillip Danault in Pittsburgh Penguins zone.
12:20 of 3rd period - Snap shot by Aleksander Barkov.
12:20 of 3rd period - Shot Misses the Net.
12:51 of 3rd period - Snap shot by Leon Draisaitl.
12:51 of 3rd period - Stopped by Joonas Korpisalo with a rebound.
13:26 of 3rd period - Wrist shot by Dylan Guenther.
13:26 of 3rd period - Shot Misses the Net.
13:37 of 3rd period - Minor Penalty to Mark Giordano for Roughing.
13:38 of 3rd period - Leon Draisaitl wins face-off versus Casey Mittelstadt in Pittsburgh Penguins zone.
15:37 of 3rd period - Penalty to Mark Giordano is over, Mark Giordano is back on ice.
15:48 of 3rd period - Backhand shot by Anton Lundell.
15:48 of 3rd period - Deflect By Ty Dellandrea.
15:48 of 3rd period - Shot Misses the Net.
15:48 of 3rd period - Puck is out of play.
15:49 of 3rd period - Jean-Gabriel Pageau wins face-off versus Jesse Ylonen in Pittsburgh Penguins zone.
15:56 of 3rd period - Snap shot by Dylan Guenther.
15:56 of 3rd period - Shot Blocked by Anton Lundell.
16:17 of 3rd period - Minor Penalty to James van Riemsdyk for Slashing.
16:18 of 3rd period - Mikko Rantanen wins face-off versus Leon Draisaitl in Pittsburgh Penguins zone.
16:19 of 3rd period - Backhand shot by Clayton Keller.
16:19 of 3rd period - Shot Misses the Net.
16:31 of 3rd period - Slapshot by Miro Heiskanen.
16:31 of 3rd period - Stopped by Jordan Binnington with a rebound.
16:45 of 3rd period - Snap shot by Casey Mittelstadt.
16:45 of 3rd period - Shot Misses the Net.
16:47 of 3rd period - Slapshot by Casey Mittelstadt.
16:47 of 3rd period - Stopped by Jordan Binnington with a rebound.
16:49 of 3rd period - Wrist shot by Robby Fabbri.
16:49 of 3rd period - Goal by Robby Fabbri - Pittsburgh Penguins : 1 - Vancouver Canucks : 5.
16:50 of 3rd period - Phillip Danault wins face-off versus Casey Mittelstadt in neutral zone.
17:03 of 3rd period - Snap shot by Mitchell Marner.
17:03 of 3rd period - Deflect By Blake Coleman.
17:03 of 3rd period - Shot Misses the Net.
17:03 of 3rd period - Puck is out of play.
17:04 of 3rd period - Leon Draisaitl wins face-off versus Casey Mittelstadt in Vancouver Canucks zone.
17:16 of 3rd period - Leon Draisaitl beats up Casey Mittelstadt.
17:16 of 3rd period - Penalty to Casey Mittelstadt for Fighting.
17:16 of 3rd period - Penalty to Leon Draisaitl for Fighting.
17:17 of 3rd period - Aleksander Barkov wins face-off versus Phillip Danault in neutral zone.
17:25 of 3rd period - Minor Penalty to Blake Coleman for Tripping.
17:26 of 3rd period - Clayton Keller wins face-off versus Pavel Buchnevich in Pittsburgh Penguins zone.
17:28 of 3rd period - Wrist shot by Clayton Keller.
17:28 of 3rd period - Shot Blocked by Brian Dumoulin.
17:52 of 3rd period - Sam Reinhart is hit by Noah Hanifin and loses puck.
18:51 of 3rd period - Noah Hanifin is hit by Pavel Buchnevich and loses puck.
19:25 of 3rd period - Penalty to Blake Coleman is over, Blake Coleman is back on ice.
19:42 of 3rd period - Slapshot by Brock Faber.
19:42 of 3rd period - Shot Blocked by Jake Bean.
19:44 of 3rd period - Snap shot by Gabriel Vilardi.
19:44 of 3rd period - Shot Blocked by Mikko Rantanen.
19:46 of 3rd period - Slapshot by Brock Faber.
19:46 of 3rd period - Shot Blocked by Jake Bean.
Goals for this period are 0 for Pittsburgh Penguins vs 1 for Vancouver Canucks.
Shots for this period are 4 for Pittsburgh Penguins vs 7 for Vancouver Canucks.
Back to the Top